Map: Cosmic Sapphire

Players

LiquidElazer (Elazer) - Winner!

  • Race: Zerg Zerg
  • League: Master
  • Spawn Location: 11:00

Lambo

  • Race: Zerg Zerg
  • League: Grandmaster
  • Spawn Location: 5:00

VOD

Have the link to the VOD?

Description

Time

  • Played on: Oct. 19, 2022, 2:41 p.m.
  • Length: 9:50
Show
View Real Time Build Order
Export as new Build Order

LiquidElazer Zerg - Winner!

Build Orders: Hatch First 

Get SALT Encoding   

  12  0:00  Drone  
  13  0:13  Overlord  
  13  0:17  Drone  
  14  0:31  Drone x2  
  16  0:47  Hatchery  
  15  0:51  Drone  
  15  0:54  Drone  
  17  0:58  Drone  
  18  1:08  Extractor  
  17  1:13  Spawning Pool  
  17  1:15  Drone  
  17  1:19  Drone  
  18  1:28  Drone  
  19  1:39  Drone  
  20  1:50  Drone  
  21  1:59  Queen x2  
  21  2:00  Zergling x2  
  21  2:01  Overlord  
  26  2:08  Metabolic Boost  
  26  2:12  Drone x2  
  28  2:21  Drone  
  28  2:22  Drone  
  30  2:33  Hatchery  
  30  2:35  Zergling x2  
  30  2:40  Drone  
  30  2:42  Drone  
  32  2:50  Baneling Nest  
  31  2:52  Overlord  
  31  2:55  Drone x2  
  33  3:07  Drone x2  
  33  3:09  Overlord  
  33  3:11  Zergling x2  
  33  3:12  Zergling x4  
  38  3:15  Zergling x4  
  40  3:21  Zergling x2  
  40  3:22  Zergling x2  
  42  3:30  Zergling x4  
  44  3:35  Baneling x2  
  44  3:37  Queen  
  44  3:39  Zergling x2  
  44  3:40  Zergling x2  
  44  3:41  Zergling x6  
  51  3:43  Baneling  
  51  3:44  Baneling  
  51  3:50  Overlord  
  51  4:02  Drone x5  
  55  4:03  Drone x2  
  55  4:09  Overlord  
  57  4:14  Overlord  
  57  4:16  Drone  
  58  4:21  Overlord  
  58  4:22  Drone x2  
  58  4:23  Drone  
  60  4:27  Drone x2  
  62  4:38  Overlord  
  62  4:40  Drone x2  
  63  4:46  Drone x2, Roach Warren  
  63  4:51  Drone x4  
  68  4:55  Extractor  
  68  4:56  Drone x2, Extractor  
  68  4:58  Drone x2  
  70  5:00  Drone  
  70  5:03  Drone x3  
  73  5:09  Overlord  
  73  5:15  Overlord  
  73  5:18  Spine Crawler  
  71  5:26  Roach x8, Spine Crawler  
  71  5:28  Roach  
  87  5:31  Roach x2  
  89  5:39  Roach x4  
  89  5:42  Roach  
  99  5:50  Roach x3  
  99  5:56  Roach x2  
  94  6:03  Roach x3  
  93  6:06  Zergling x10, Queen  
  92  6:15  Zergling x6, Ravager  
  92  6:17  Queen  
  94  6:23  Roach x2  
  98  6:31  Roach x4  
  106  6:39  Zergling x2  
  106  6:43  Overlord x2  
  106  6:49  Baneling x4  
  104  7:07  Drone x10  
  104  7:13  Lair  
  98  7:17  Roach x5  
  98  7:21  Roach x2  
  108  7:25  Extractor  
  108  7:26  Extractor  
  108  7:27  Overlord, Evolution Chamber  
  108  7:29  Roach x3  
  113  7:30  Roach  
  113  7:35  Extractor, Overlord  
  112  7:38  Overlord  
  112  7:43  Ravager  
  114  7:51  Drone x2, Ravager  
  114  7:52  Drone x3  
  114  7:53  Drone  
  114  7:56  Ravager  
  121  7:59  Zergling x14  
  128  8:07  Overlord  
  128  8:13  Overlord  
  128  8:14  Hatchery  
  128  8:18  Roach x3  
  133  8:20  Glial Reconstitution  
  133  8:22  Roach x2  
  133  8:24  Overlord x2  
  137  8:33  Roach x3  
  137  8:34  Roach x5  
  153  8:44  Roach  
  153  8:45  Roach x2  
  159  8:53  Queen x3  
  165  8:58  Overlord  
  165  9:11  Hydralisk Den  
  153  9:20  Roach x4  
  153  9:21  Roach x9  
Show
View Real Time Build Order
Export as new Build Order

Lambo Zerg 

Build Orders: Hatch First 

Get SALT Encoding   

  12  0:00  Drone  
  13  0:14  Overlord  
  13  0:18  Drone  
  14  0:32  Drone x2  
  16  0:48  Hatchery  
  15  0:51  Drone  
  15  0:55  Drone  
  17  0:58  Drone  
  18  1:04  Extractor  
  17  1:13  Spawning Pool  
  17  1:16  Drone  
  17  1:20  Drone  
  18  1:29  Drone  
  19  1:40  Drone  
  20  1:51  Drone  
  21  2:00  Queen x2  
  21  2:01  Zergling x2, Overlord  
  26  2:06  Metabolic Boost  
  26  2:11  Drone  
  26  2:12  Drone  
  28  2:23  Zergling x2  
  28  2:24  Drone  
  30  2:33  Hatchery  
  30  2:36  Drone  
  30  2:42  Drone  
  30  2:43  Zergling x2  
  32  2:47  Zergling x2  
  33  2:55  Overlord  
  33  2:56  Zergling x2  
  34  3:05  Zergling x2  
  35  3:10  Zergling x2  
  36  3:13  Zergling x2  
  36  3:14  Zergling x10  
  36  3:19  Baneling Nest  
  41  3:28  Overlord  
  41  3:29  Drone  
  42  3:34  Drone  
  42  3:36  Drone  
  43  3:45  Queen  
  43  3:46  Drone x2  
  43  3:47  Drone x5  
  52  3:57  Drone x3  
  55  4:06  Drone x2  
  57  4:10  Drone, Roach Warren  
  57  4:11  Baneling x2  
  57  4:17  Extractor  
  57  4:19  Extractor  
  57  4:20  Drone  
  57  4:22  Overlord  
  56  4:24  Overlord  
  56  4:27  Baneling  
  56  4:33  Drone  
  56  4:34  Overlord  
  56  4:35  Overlord  
  57  4:39  Overlord  
  57  4:42  Overlord  
  57  4:43  Overlord  
  57  4:44  Overlord  
  56  4:49  Overlord  
  56  4:53  Roach x4  
  56  4:56  Roach  
  65  5:01  Roach x2  
  69  5:07  Roach x3  
  69  5:13  Roach  
  69  5:14  Roach  
  79  5:18  Zergling x6  
  82  5:22  Zergling x4  
  82  5:26  Baneling x6  
  84  5:28  Zergling x2  
  84  5:40  Zergling x10  
  89  5:49  Roach x4  
  93  5:51  Zergling x2  
  93  5:52  Zergling x2  
  93  5:55  Zergling x2  
  93  5:56  Zergling x4, Ravager  
  91  6:00  Zergling x4  
  85  6:04  Drone x3  
  85  6:11  Drone x3  
  86  6:15  Lair  
  86  6:18  Drone  
  77  6:21  Drone x2  
  77  6:24  Drone  
  80  6:32  Roach x2  
  84  6:34  Roach x3  
  84  6:37  Roach  
  90  6:41  Roach x2  
  90  6:42  Ravager  
  90  6:44  Zergling x4  
  90  6:46  Zergling x4  
  99  6:49  Zergling x4  
  99  6:51  Roach, Ravager  
  101  6:56  Roach  
  101  6:58  Roach  
  102  7:05  Roach x2  
  101  7:10  Roach  
  85  7:16  Roach x2  
  85  7:18  Drone  
  85  7:21  Drone, Extractor  
  89  7:26  Drone  
  89  7:27  Spire, Extractor x2  
  89  7:29  Drone  
  88  7:33  Drone  
  89  7:40  Drone x2  
  89  7:43  Drone  
  92  7:47  Zergling x2  
  93  7:51  Zergling x4  
  93  7:52  Overlord  
  93  7:53  Zergling x2  
  93  7:55  Overlord  
  96  8:02  Hatchery  
  95  8:06  Zergling x6  
  97  8:41  Mutalisk x8  
  97  8:45  Zergling x10  
  123  8:50  Extractor  
  123  8:54  Extractor  
  123  8:55  Mutalisk, Overlord  
  113  9:04  Mutalisk x3  
  113  9:07  Zergling x2  
  111  9:15  Mutalisk x2  
  111  9:23  Zergling x4  
  101  9:25  Zergling x2  
  101  9:26  Zergling x2  
Tags
 
Add a new tag
Caveats
  • Supply blocks, unpowered buildings, or Contaminate may cause inaccurate times.
  • Supply counts are checked every 10 seconds.